 Dungeon Crawl Stone Soup version 0.29-a0-359-g541a27f54d (webtiles) character file.

Game seed: 6255378264036474641

140 spiderkeys the Skirmisher (level 5, -1/46 HPs)
             Began as a Ghoul Abyssal Knight on Apr 28, 2022.
             Was a Priest of Lugonu.
             Slain by Menkaure (18 damage)
             ... on level 4 of the Dungeon.
             The game lasted 00:02:41 (3242 turns).

spiderkeys the Skirmisher (Ghoul Abyssal Knight)    Turns: 3242, Time: 00:02:42

Health: -1/46      AC:  3    Str: 19    XL:     5   Next: 22%
Magic:  6/6        EV: 11    Int:  5    God:    Lugonu [***...]
Gold:   226        SH:  0    Dex: 17    Spells: 4/4 levels left

rFire   . . .      SeeInvis .   o - +5 mace "Zodenats" {venom, Will- Dex+8 Stlth-}
rCold   + + .      Faith    .   (no shield)
rNeg    + + +      Spirit   .   b - +0 leather armour
rPois   ∞          Reflect  .   (no helmet)
rElec   .          Harm     .   (no cloak)
rCorr   .          Rampage  .   (no gloves)
Will    .....                   (no boots)
Stlth   ..........              (no amulet)
HPRegen 0.00/turn               C - ring of protection from cold
MPRegen 0.10/turn               (no ring)

@: inhibited regen
A: claws 1, cold resistance 1, negative energy resistance 3, inhibited
regeneration, torment resistance 2, devour on kill
a: Renounce Religion, Depart the Abyss, Bend Space, Banish


You were on level 4 of the Dungeon.
You worshipped Lugonu.
Lugonu was most pleased with you.
You visited 1 branch of the dungeon, and saw 4 of its levels.
You visited the Abyss 1 time.

You collected 226 gold pieces.


Innate Abilities, Weirdness & Mutations

You are immune to poison.
You have sharp fingernails.
Your flesh is cold resistant. (rC+)
You are immune to negative energy. (rN+++)
You do not regenerate when monsters are visible.
You are immune to unholy pain and torment.
You thrive by killing the living.


   Skills:
 + Level 4.2 Fighting
 + Level 2.8 Axes
 + Level 2.8 Armour
 - Level 1.0 Dodging
 + Level 3.2 Invocations


You had 4 spell levels left.
You didn't know any spells.
Your spell library contained the following spells:

 Spells                   Type           Power      Damage    Failure   Level
 Sting                    Tmut/Pois      0%         1d3       54%         1
 Poisonous Vapours        Pois/Air       0%         N/A       67%         2
 Olgreb's Toxic Radiance  Pois           0%         N/A       99%         4
 Beastly Appendage        Tmut           Unusable   N/A       N/A         1
 Wereblood                Tmut           Unusable   N/A       N/A         2
 Spider Form              Tmut/Pois      Unusable   N/A       N/A         3

Inventory:

Hand Weapons
 a - a +1 hand axe
 o - the +5 mace "Zodenats" (weapon) {venom, Will- Dex+8 Stlth-}
   (You took it off a hobgoblin on level 2 of the Dungeon)

   It poisons the flesh of those it strikes.
   Dex:       It affects your dexterity (+8).
   Will:      It decreases your willpower.
   Stlth:     It makes you less stealthy.
Missiles
 c - 131 stones
 n - 4 boomerangs
 q - 3 poisoned darts
Armour
 b - a +0 leather armour (worn)
 r - a +0 ring mail
   (You found it on level 3 of the Dungeon)
 t - a +0 chain mail
   (You found it on level 3 of the Dungeon)
 u - a +0 scale mail
   (You took it off an orc on level 3 of the Dungeon)
 v - a +0 scale mail
   (You took it off an orc on level 3 of the Dungeon)
 w - a +0 leather armour
   (You took it off an orc on level 3 of the Dungeon)
 y - a +0 leather armour
   (You took it off Ijyb on level 4 of the Dungeon)
 A - a +0 chain mail
   (You found it on level 4 of the Dungeon)
Jewellery
 C - a ring of protection from cold (left claw)
   (You found it on level 1 of the Dungeon)
Wands
 p - a wand of polymorph (7)
   (You found it on level 3 of the Dungeon)
 z - a wand of charming (9)
   (You took it off Ijyb on level 4 of the Dungeon)
Scrolls
 f - a scroll of immolation {unknown}
 h - 3 scrolls of identify {unknown}
 j - a scroll of summoning {unknown}
 k - a scroll of teleportation {unknown}
 l - a scroll of fog {unknown}
 m - a scroll of noise {unknown}
 x - a scroll of holy word {unknown}
Potions
 d - a potion of flight {unknown}
 e - 3 potions of heal wounds {unknown}
 g - a potion of resistance {unknown}
 i - 2 potions of curing {@q1}
 s - a potion of degeneration {unknown}

Dungeon Overview and Level Annotations

Branches:
Dungeon (4/15)
 Temple: D:4-7

Altars:
Zin

Annotations:
D:4 Menkaure

...
#.....####..##.......
.. ....##..##
##......>... ...
#....##.......#.... .
##.>....#....#.....
#......#....#.....
##........#.....#..
#.......#..
##.......#..
#..@.......
#.....M.......
#............#
..###.........# .
###.#...... ....##...
..#.# ... ..#r. #.


You could see Menkaure (fast) and a quokka (wandering).


Message History

Aim: a two-headed ogre, wielding two +0 giant clubs (chance to affect: 67%)
Okay, then.
The two-headed ogre attacks as you move away!
The two-headed ogre barely misses you.
The two-headed ogre hits you with a +0 giant club!
* * * LOW HITPOINT WARNING * * *
😨 HP[-16]
You take 16 damage, and now have 20/40 hp.
MASSIVE DAMAGE!! (PAUSE)
Press: ? - help, v - describe, . - travel The floor.
Okay, then.
Okay, then.
There is a stone staircase leading up here.
You climb upwards.
There is a stone staircase leading down here.
You start resting. 😎 HP[+20]
Your hp is fully restored (40).
There is a stone staircase leading down here.
You climb downwards.
Found a red potion.
Found a stone staircase leading up.
There is a stone staircase leading up here.
e - 3 red potions (gained 1)
Found a stone staircase leading down.
Found a stone staircase leading down.
i - 3 dark potions (gained 1)
You now have 194 gold pieces (gained 15).
Ijyb the Twisted Goblin comes into view.
She is wielding a +0 dagger and carrying a wand of charming (10).
Ijyb shouts!
Ijyb barely misses you.
You barely miss Ijyb. Ijyb hits you but does no damage. Ijyb barely misses you.
You thump Ijyb!
Ijyb is poisoned.
Ijyb zaps a wand.
Your will is overpowered!
You are confused.
Ijyb barely misses you.
You hit Ijyb. Ijyb hits you but does no damage.
Ijyb hits you with a +0 dagger. 😕 HP[-3]
You take 3 damage, and now have 37/40 hp.
You hit Ijyb. You claw Ijyb.
You kill Ijyb!
Lugonu accepts your kill.
You feel better.
You feel less confused.
You have reached level 5!
You feel stronger. 😎 HP[+9] MP[+1]
You now have 46 max hp (+6).
Your hp is fully restored (46).
Your mp is fully restored (6).
y - a +0 leather armour;
z - a wand of charming (9)
You see here a +0 dagger.
A giant cockroach comes into view.
A giant cockroach is nearby!
The giant cockroach closely misses you.
You sock the giant cockroach!
You kill the giant cockroach!
Lugonu accepts your kill.
No target in view!
No target in view!
No target in view!
You now have 207 gold pieces (gained 13).
A - a +0 chain mail
c - 131 stones (gained 21) Key pressed, stopping explore.
You now have 226 gold pieces (gained 19).
Key pressed, stopping explore.
Key pressed, stopping explore.
Found an escape hatch in the floor.
A giant cockroach comes into view.
Menkaure, Prince of Dust comes into view.
Menkaure shouts!
The giant cockroach bites you but does no damage.
You thump the giant cockroach!
You kill the giant cockroach!
Lugonu accepts your kill.
Menkaure mumbles some strange words.
Menkaure seems to speed up.
You hit Menkaure. Menkaure hits you but does no damage. Menkaure misses you.
You hit Menkaure. Menkaure closely misses you.
You barely miss Menkaure. Menkaure closely misses you.
Menkaure hits you! 😮 HP[-16]
You take 16 damage, and now have 30/46 hp.
MASSIVE DAMAGE!! (PAUSE)
You barely miss Menkaure. Menkaure closely misses you.
You hit Menkaure. Menkaure closely misses you. Menkaure hits you!
* * * LOW HITPOINT WARNING * * *
😨 HP[-15]
You take 15 damage, and now have 15/46 hp.
MASSIVE DAMAGE!! (PAUSE)
You barely miss Menkaure. Menkaure barely misses you. Menkaure hits you!
* * * LOW HITPOINT WARNING * * *
😱 HP[-7]
You take 7 damage, and now have 8/46 hp.
Unknown command.
It was a potion of curing.
You feel better.
A quokka comes into view.
Menkaure hits you!!
You die...

Skill      XL: |  1  2  3  4 |
---------------+-------------+-----
Dodging        | 1 |  1.0
Axes           | 2 |  2.8
Armour         | 2 |  2.8
Fighting       | 4 |  4.2
Invocations    | 3 |  3.2

Action                   |  1- 3 |  4- 6 || total
-------------------------+-------+-------++-------
Melee: Hand axe          |    68 |       ||    68
       Mace              |     6 |    56 ||    62
       Punch             |       |     2 ||     2
  Use: Potion            |       |     1 ||     1
Armor: Leather armour    |    33 |     9 ||    42
Dodge: Dodged            |    45 |    38 ||    83

Levels and vault maps discovered:
D:1:      dpeg_arrival_round_a, layout_basic, minmay_pentomino_r4
D:2:      layout_basic, basic_altar, minmay_crystal_water
D:3:      layout_basic, shapermc_ecumenical_altar_hornbeckon
D:4:      layout_cave_pools, serial_shops, kennysheep_mini, uniq_ijyb,
          uniq_grinder, uniq_menkaure

Notes
Turn   | Place    | Note
-------+----------+-------------------------------------------
     0 | Abyss:1  | spiderkeys the Ghoul Abyssal Knight began the quest for the
                  | Orb.
     0 | Abyss:1  | Reached XP level 1. HP: 19/19 MP: 1/1
     0 | Abyss:1  | magus.rc [v1.11.3]
     8 | D:1      | You pass through the gate.
     8 | D:1      | Escaped the Abyss
    71 | D:1      | You add the spells Sting, Poisonous Vapours and Olgreb's
                  | Toxic Radiance to your library.
   173 | D:1      | Reached skill level 1 in Dodging
   270 | D:1      | Reached XP level 2. HP: 26/26 MP: 2/2
   356 | D:1      | Reached skill level 2 in Axes
   356 | D:1      | Reached skill level 2 in Armour
   561 | D:1      | Reached XP level 3. HP: 17/31 MP: 3/3
  1134 | D:2      | Identified the +5 mace "Zodenats" {venom, Will- Dex+8
                  | Stlth-}
  1422 | D:2      | Reached XP level 4. HP: 11/40 MP: 3/5
  1425 | D:2      | Reached *** piety under Lugonu
  2018 | D:3      | Reached skill level 4 in Fighting
  2180 | D:3      | Reached skill level 3 in Invocations
  2464 | D:3      | Found a faded altar of an unknown god.
  2512 | D:3      | You pick up a book of Changes and begin reading...
  2914 | D:4      | Noticed a two-headed ogre
  2916 | D:4      | Noticed a black bear
  3146 | D:4      | Noticed Ijyb
  3156 | D:4      | Killed Ijyb
  3157 | D:4      | Reached XP level 5. HP: 46/46 MP: 6/6
  3231 | D:4      | Noticed Menkaure
  3241 | D:4      | HP: 8/46 [Menkaure (7)]
  3242 | D:4      | Slain by Menkaure

Vanquished Creatures
  Ijyb (D:4)
  4 gnolls
  A worm (D:3)
  5 dart slugs
  6 orcs
  7 ball pythons
  4 endoplasms
  4 giant cockroaches
  4 goblins
  5 hobgoblins
  2 quokkas (D:3)
  4 bats
  2 frilled lizards
  2 kobolds (D:1)
  4 rats
55 creatures vanquished.

Table legend:
 A = Non-vault XP
 B = Vault XP
 C = Vault XP percentage of total XP
 D = Non-vault monster count
 E = Vault monster count
 F = Vault count percentage of total count
                 A         B        C        D         E       F
            +---------+---------+-------+---------+---------+-------
      Total |     159 |      41 |  20.5 |      51 |       4 |   7.3
            +---------+---------+-------+---------+---------+-------
        D:1 |      47 |       5 |   9.6 |      17 |       3 |  15.0
        D:2 |      63 |       0 |   0.0 |      14 |       0 |   0.0
        D:3 |      42 |       0 |   0.0 |      17 |       0 |   0.0
        D:4 |       7 |      36 |  83.7 |       3 |       1 |  25.0
            +---------+---------+-------+---------+---------+-------

Illustrated notes

Table legend:
 A = Kills in this place as a percentage of kills in entire the game.
 B = Kills by you in this place as a percentage of kills by you in the entire game.
 C = Kills by friends in this place as a percentage of kills by friends in the entire game.
 D = Other kills in this place as a percentage of other kills in the entire game.
 E = Experience gained in this place as a percentage of experience gained in the entire game.
 F = Experience gained in this place divided by the number of levels of this place that you have seen.
                   A       B       C       D       E      F
               +-------+-------+-------+-------+-------+----------------------
         Total | 100.0 | 100.0 |   N/A |   N/A | 100.0 |  40.0
       Dungeon | 100.0 | 100.0 |   N/A |   N/A | 100.0 |  50.0
               +-------+-------+-------+-------+-------+----------------------

Table legend: (Time is in decaauts)
 A = Elapsed time spent in this place.
 B = Non-inter-level travel time spent in this place.
 C = Inter-level travel time spent in this place.
 D = Time resting spent in this place.
 E = Time spent auto-exploring this place.
 F = Levels seen in this place.
 G = Mean time per level.
                   A        B        C        D        E       F      G
               +--------+--------+--------+--------+--------+-----+--------+
         Total |   3282 |   3176 |    106 |    391 |   2411 |   5 |  656.4 |
       Dungeon |   3274 |   3168 |    106 |    391 |   2411 |   4 |  818.5 |
         Abyss |      8 |      8 |      0 |      0 |      0 |   1 |    8.0 |
               +--------+--------+--------+--------+--------+-----+--------+

Top non-repeatable levels by time:
     D:3: 1123 daAuts
     D:2: 1080 daAuts
     D:1: 920 daAuts
     D:4: 150 daAuts
 Abyss:1: 8 daAuts
